 Dungeon Sprint DCSS version 0.26-a0-663-g36e8fdb655 (webtiles) character file.

Game seed: 5952518439452750885

133 mhtbhm the Geomancer (level 4, 0/24 HPs)
             Began as a Deep Elf Earth Elementalist on Oct 10, 2020.
             Slain by a chaos spawn (14 damage)
             ... summoned by a kobold demonologist
             ... in the Dungeon (Sprint III: "The Ten Rune Challenge").
             The game lasted 00:01:18 (492 turns).

mhtbhm the Geomancer (Deep Elf Earth Elementalist)   Turns: 492, Time: 00:01:19

Health: 0/24       AC:  2    Str:  7    XL:     4   Next: 93%
Magic:  11/15      EV: 15    Int: 25    God:
Gold:   14         SH:  0    Dex: 15    Spells: 12/18 levels left

rFire    . . .     SeeInvis .   (no weapon)
rCold    . . .     Faith    .   (no shield)
rNeg     . . .     Spirit   .   c - +0 robe
rPois    .         Reflect  .   (no helmet)
rElec    .         Harm     .   (no cloak)
rCorr    .         Rampage  .   (no gloves)
MR       .....     NoTele   +   (no boots)
Stlth    +++.......             (no amulet)
HPRegen  0.08/turn              (no ring)
MPRegen  0.14/turn              (no ring)

@: no status effects
A: clever 2, strong 1
a: no special abilities


You were in the Dungeon.
You visited 1 branch You collected 14 gold pieces.

Inventory:

Missiles
 b - 9 stones (quivered)
Armour
 c - a +0 robe (worn)
Scrolls
 a - a scroll of amnesia {unknown}
 i - a scroll of blinking
 k - a scroll of immolation {unknown}
 l - 3 scrolls of identify
 m - 2 scrolls of remove curse {unknown}
 o - a scroll of torment {unknown}
Potions
 d - 3 potions of curing
 f - a potion of haste
 g - 2 potions of magic
 h - a potion of berserk rage
 n - a potion of cancellation {unknown}
 p - a potion of flight {unknown}


   Skills:
 + Level 4.7 Dodging
 + Level 4.2 Stealth
 + Level 7.9 Spellcasting
 + Level 1.3 Transmutations
 + Level 8.1 Earth Magic


You had 12 spell levels left.
You knew the following spells:

 Your Spells              Type           Power        Failure   Level
a - Sandblast             Erth           ######       1%          1
b - Passwall              Tmut/Erth      ####....     1%          2
c - Stone Arrow           Conj/Erth      ####..       3%          3

Your spell library contained the following spells:

 Spells                   Type           Power        Failure   Level
 Lee's Rapid Deconstruct  Erth           ######....   6%          5
 Petrify                  Tmut/Erth      ####....     9%          4


Dungeon Overview and Level Annotations

Branches:
Dungeon (1/1)

Altars:
Kikubaaqudgha
Sif Muna
Vehumet


Innate Abilities, Weirdness & Mutations

Your mind is very acute. (Int +4)
Your muscles are strong. (Str +2)


Message History

Unknown command.
Casting: Sandblast (safe; 1% risk of failure)
Confirm with . or Enter, or press ? or * to list all spells.
Press: ? - help, Shift-Dir - straight line, f - kobold demonologist, p - chaos spawn
Aim: a kobold demonologist, wielding a +0 dagger and wearing a +0 robe The blast of sand hits the chaos spawn but does no damage.
b - 10 stones The kobold demonologist gestures wildly while chanting.
The chaos spawn barely misses you.
Unknown command.
Casting: Sandblast (safe; 1% risk of failure)
Confirm with . or Enter, or press ? or * to list all spells.
Press: ? - help, Shift-Dir - straight line, f - ice devil, p - kobold demonologist
Aim: an ice devil (summoned)
The blast of sand hits the chaos spawn!
The chaos spawn is heavily wounded.
b - 9 stones The chaos spawn hits you!
Ouch! That really hurt!
You die...

#..'...♣♣♣♣ ♣.#
#..#....♣.♣ ♣♣.#
####......♣ ♣..#
...#....≈.♣♣♣..###+#+###+
...#...≈≈♣.♣.♣.#.........
...#..≈≈≈≈.....'.⌠.......
##+#..≈≈≈≈≈≈.♣.#...######
#.≈≈≈≈≈≈....#.⌠.#
#.≈≈≈≈≈.....#@..#
#.≈≈≈.......#4###
#...........#K4
...............#___
▓▓▓▓▓▓▓▓▓▓▓▓▓▓▓▓▓▓▓▓


You could see an ice devil (summoned), a kobold demonologist and a chaos spawn
(summoned).

Vanquished Creatures
  A water elemental (D)
  A wizard (D)
  A human (D)
  A wolf (D)
  2 oozes (D)
6 creatures vanquished.

Notes
Turn   | Place    | Note
-------+----------+-------------------------------------------
     0 | D        | mhtbhm the Deep Elf Earth Elementalist began the quest for
                  | the Orb.
     0 | D        | Reached XP level 1. HP: 10/10 MP: 6/6
     4 | D        | Reached skill level 4 in Earth Magic
     7 | D        | Reached XP level 2. HP: 15/15 MP: 2/9
    77 | D        | Learned a level 2 spell: Passwall
    91 | D        | Gained mutation: You are somewhat resistant to further
                  | mutation. [potion of mutation]
    92 | D        | Lost mutation: You are somewhat resistant to further
                  | mutation. [potion of mutation]
    92 | D        | Gained mutation: Your spells are a little easier to cast,
                  | but a little less powerful. [potion of mutation]
    92 | D        | Gained mutation: You have a beak for a mouth. [potion of
                  | mutation]
    92 | D        | Lost mutation: Your spells are a little easier to cast, but
                  | a little less powerful. [potion of mutation]
    93 | D        | Lost mutation: You have a beak for a mouth. [potion of
                  | mutation]
    93 | D        | Gained mutation: Your mind is acute. (Int +2) [potion of
                  | mutation]
    93 | D        | Gained mutation: Your mind is very acute. (Int +4) [potion
                  | of mutation]
    93 | D        | Gained mutation: Your muscles are strong. (Str +2) [potion
                  | of mutation]
   104 | D        | Reached skill level 5 in Earth Magic
   333 | D        | Reached skill level 5 in Spellcasting
   333 | D        | Reached skill level 6 in Earth Magic
   333 | D        | Reached XP level 3. HP: 19/19 MP: 4/12
   405 | D        | Learned a level 3 spell: Stone Arrow
   407 | D        | Noticed a water elemental
   412 | D        | Killed a water elemental
   412 | D        | Reached skill level 7 in Earth Magic
   412 | D        | Reached XP level 4. HP: 24/24 MP: 5/15
   487 | D        | Found a radiant altar of Vehumet.
   487 | D        | Found a shimmering blue altar of Sif Muna.
   487 | D        | Found an ancient bone altar of Kikubaaqudgha.
   487 | D        | Noticed a wizard
   489 | D        | Killed a wizard
   489 | D        | Reached skill level 8 in Earth Magic
   490 | D        | Noticed a chaos spawn
   492 | D        | Noticed an ice devil
   492 | D        | Slain by a chaos spawn

Illustrated notes

Levels and vault maps discovered:
D:        dungeon_sprint_mu [sprint_mu_entry_forest, sprint_mu_temple_rooms,
          sprint_mu_d1_horrors, sprint_mu_d2_genie, sprint_mu_d3_branching,
          sprint_mu_orc_legion, sprint_mu_elf_gauntlet, sprint_mu_hive_nellie,
          sprint_mu_lair_fedhas, sprint_mu_vaults_butterflies,
          sprint_mu_slime_circle, sprint_mu_swamp_cave, sprint_mu_snake_twists,
          sprint_mu_blade_basic, sprint_mu_crypt_lich, sprint_mu_tomb_spiral,
          sprint_mu_vestibule_basic, sprint_mu_gehenna_hellfire,
          sprint_mu_dis_giant, sprint_mu_tartarus_statrot,
          sprint_mu_cocytus_islands, sprint_mu_zot1]

Skill      XL: |  1  2  3  4 |
---------------+-------------+-----
Earth Magic    | 4 6 7 8 |  8.1
Dodging        | 3 4 |  4.7
Spellcasting   | 4 5 7 |  7.9
Stealth        | 3 4 |  4.2
Transmutations | |  1.3

Action                   |  1- 3 |  4- 6 || total
-------------------------+-------+-------++-------
 Cast: Sandblast         |    17 |     4 ||    21
       Passwall          |     1 |       ||     1
       Stone Arrow       |       |     1 ||     1
  Use: Potion            |     3 |     1 ||     4
Dodge: Dodged            |     7 |     1 ||     8

Table legend: (Time is in decaauts)
 A = Elapsed time spent in this place.
 B = Non-inter-level travel time spent in this place.
 C = Inter-level travel time spent in this place.
 D = Time resting spent in this place.
 E = Time spent auto-exploring this place.
 F = Levels seen in this place.
 G = Mean time per level.
                   A        B        C        D        E       F      G
               +--------+--------+--------+--------+--------+-----+--------+
         Total |    492 |    492 |      0 |    396 |      0 |   1 |  492.0 |
       Dungeon |    492 |    492 |      0 |    396 |      0 |   1 |  492.0 |
               +--------+--------+--------+--------+--------+-----+--------+

Top non-repeatable levels by time:
       D: 492 daAuts
